 Dungeon Crawl Stone Soup version 0.30.0-19-g36f170ea60 (webtiles) character file.

Game seed: 2293243846062466385

18302 ebbelito1337 the Impaler (level 12, -12/112 HPs)
             Began as a Minotaur Berserker on May 31, 2023.
             Was an Elder of Trog.
             Mangled by a skeletal warrior
             ... wielding a +0 hand axe
              (19 damage)
             ... on level 13 of the Dungeon.
             The game lasted 00:38:17 (9997 turns).

ebbelito1337 the Impaler (Minotaur Berserker)       Turns: 9997, Time: 00:38:18

Health: -12/112    AC: 26    Str: 32    XL:     12   Next: 26%
Magic:  3/3        EV: 11    Int:  1    God:    Trog [****..]
Gold:   1711       SH:  0    Dex: 14    Spells: 11/11 levels left

rFire   . . .        H - +8 glaive of Oziat {antimagic, rPois}
rCold   . . .        (shield currently unavailable)
rNeg    . . .        E - +3 plate armour of the Valley {Harm rElec Slay+3}
rPois   +            g - +2 hat
rElec   +            K - scarf {shadows}
rCorr   .            u - +2 pair of gloves
SInv    .            I - +1 pair of boots {Stlth+}
Will    .....        (no amulet) Stlth
                     t - ring of flight
HPRegen 0.38/turn    R - +6 ring of strength
MPRegen 0.08/turn

%: random rage (3%), harm (+30% outgoing, +20% incoming)
@: about to teleport, on berserk cooldown, flying, slowed, studying Throwing,
very slow
A: horns 2, retaliatory headbutt, agile 1, berserk 1, dopey 1, MP-powered wands
a: Renounce Religion, Berserk, Trog's Hand, Brothers in Arms


You were on level 13 of the Dungeon.
You worshipped Trog.
Trog was greatly pleased with you.
You visited 2 branches of the dungeon, and saw 14 of its levels.

You collected 1711 gold pieces.

Inventory:

Hand Weapons
 a - a +0 hand axe
 j - the +5 spear of Incongruity {heavy, rF+ Dex+2}
   (You found it on level 2 of the Dungeon)

   Dex:       It affects your dexterity (+2).
   rF:        It protects you from fire.
 m - a +2 spectral halberd
 D - a +0 giant club
 H - the +8 glaive of Oziat (weapon) {antimagic, rPois}
   (You acquired it on level 9 of the Dungeon)

   rPois:     It protects you from poison.
Missiles
 x - 9 boomerangs (quivered)
Armour
 b - a +1 animal skin
 g - a +2 hat (worn)
 p - a +0 barding
 u - a +2 pair of gloves (worn)
 w - a +0 ring mail
 y - +0 steam dragon scales
 E - the +3 plate armour of the Valley (worn) {Harm rElec Slay+3}
   (You found it on level 6 of the Dungeon)

   Slay:      It affects your accuracy & damage with ranged weapons and melee
   (+3).
   rElec:     It insulates you from electricity.
   Harm:      It increases damage dealt and taken.
 G - the +1 leather armour of the Squeaky God {rC+}
   (You found it on level 7 of the Dungeon)

   rC:        It protects you from cold.
 I - a +1 pair of boots of stealth (worn)
 J - the +0 ring mail of Bedo {rElec rC+ MP+9 Dex-4}
   (You found it on level 7 of the Dungeon)

   Dex:       It affects your dexterity (-4).
   rC:        It protects you from cold.
   rElec:     It insulates you from electricity.
   MP:        It affects your magic capacity (+9).
 K - a scarf of shadows (worn)
 Q - a +0 kite shield
Jewellery
 c - a +6 ring of intelligence
 d - a ring of willpower
 t - a ring of flight (left hand)
 A - a ring of protection from fire
 O - a ring of positive energy
 R - a +6 ring of strength (right hand)
Wands
 i - a wand of mindburst (14)
 M - a wand of roots (5)
Scrolls
 h - a scroll of fear
 q - a scroll of noise
 B - 18 scrolls of identify
 C - 3 scrolls of vulnerability
 F - 4 scrolls of teleportation
 L - 2 scrolls of poison
 N - a scroll of brand weapon
Potions
 e - 4 potions of haste
 f - 6 potions of curing
 k - a potion of magic
 l - a potion of berserk rage
 n - 2 potions of brilliance
 o - 3 potions of attraction
 r - a potion of flight
 s - a potion of mutation
 v - a potion of lignification
 z - 3 potions of might
 P - a potion of heal wounds
Miscellaneous
 S - a phantom mirror


   Skills:
 + Level 11.9 Fighting
 + Level 5.1(11.5) Axes
 + Level 15.9(16.2) Polearms
 + Level 11.7 Armour
 + Level 6.0 Dodging
 + Level 3.5 Stealth


You had 11 spell levels left.
You didn't know any spells.
Your spell library contained the following spells:

 Spells                   Type           Power      Damage    Failure   Level
 Beastly Appendage        Tmut           0%         N/A       99%         1
 Wereblood                Tmut           0%         N/A       99%         2
 Portal Projectile        Hex/Tloc       0%         N/A       100%        3
 Spider Form              Tmut/Pois      0%         N/A       100%        3
 Tukima's Dance           Hex            0%         N/A       100%        3
 Blade Hands              Tmut           0%         N/A       100%        5


Dungeon Overview and Level Annotations

Branches:
Dungeon (13/15)            Temple (0/1) D:5            Lair (1/5) D:9
    Orc (0/2) D:10
 Vaults: D:13-14

Altars:
Cheibriados
Dithmenos
Fedhas
Hepliaklqana
Kikubaaqudgha
Nemelex Xobeh
Qazlal
Sif Muna
Wu Jian
Xom
Zin
The Shining One


Innate Abilities, Weirdness & Mutations

You have a pair of horns on your head.
You reflexively headbutt those who attack you in melee.
You are agile. (Dex +4, Str/Int -1)
You sometimes lose your temper in combat.
You are dopey. (Int -2)
You expend magic power (3 MP) to strengthen your wands.


Message History

The skeletal warrior hits you with a +0 short sword.
The basilisk bites you!
The skeletal warrior hits you with a +0 hand axe!
The skeletal warrior hits you but does no damage. x2
The basilisk bites you.
The skeletal warrior hits you but does no damage.
The skeletal warrior hits you with a +0 hand axe!
The skeletal warrior hits you but does no damage.
The basilisk gazes at you.
The skeletal warrior hits you with a +0 battleaxe!
The skeletal warrior hits you with a +0 hand axe!
* * * LOW HITPOINT WARNING * * *
The skeletal warrior hits you with a +0 short sword.
The basilisk bites you.
The skeletal warrior hits you but does no damage. x2
The skeletal warrior hits you with a +0 short sword.
* * * LOW HITPOINT WARNING * * *
The basilisk bites you but does no damage.
The skeletal warrior hits you but does no damage.
The skeletal warrior hits you with a +0 hand axe.
* * * LOW HITPOINT WARNING * * *
The skeletal warrior hits you but does no damage.
The basilisk gazes at you. The skeletal warrior barely misses you.
The skeletal warrior hits you with a +0 battleaxe!
* * * LOW HITPOINT WARNING * * *
The skeletal warrior hits you but does no damage.
The basilisk bites you but does no damage.
The skeletal warrior hits you with a +0 hand axe!
* * * LOW HITPOINT WARNING * * *
The skeletal warrior barely misses you.
The skeletal warrior hits you but does no damage.
The basilisk bites you but does no damage.
You turn to flesh and can move again.
As you read the scroll of teleportation, it crumbles to dust.
You feel strangely unstable.
The skeletal warrior hits you with a +0 battleaxe!
* * * LOW HITPOINT WARNING * * *
The skeletal warrior hits you with a +0 hand axe!
You die...

##+##
##...##
##.....##
##.......##
#...lzz...#
+....@z...+
#....<....#
##.......##
##.....##
##.$.##
##+##


You could see 3 skeletal warriors and a basilisk.

Vanquished Creatures
  Kirke (D:12)
  4 two-headed ogres
  A catoblepas (Lair:1)
  A boulder beetle (D:12)
  The ghost of speedhar the Shield-Bearer, a novice GrFi (D:7)
  A cyclops (D:11)
  An ugly thing (D:11)
  2 gargoyles (D:11)
  2 cane toads (Lair:1)
  A troll (D:12)
  2 hornets
  11 slime creatures (D:12)
  5 wraiths
  6 hogs (D:12)
  12 yaks
  A steam dragon (D:6)
  11 vampire mosquitoes
  2 water moccasins
  An ice beast (D:8)
  3 orc warriors
  A black bear (D:6)
  An ogre (D:6)
  3 wolves (Lair:1)
  9 centaurs
  A phantom (D:6)
  6 kobold brigands
  2 scorpions
  Blork the orc (D:5)
  6 bullfrogs
  7 wights
  3 killer bees (D:9)
  An electric eel (D:11)
  A jelly (D:5)
  5 hounds
  A gnoll bouda (D:3)
  9 orc wizards
  An iguana (D:5)
  7 gnolls
  3 adders
  2 white imps
  A dart slug (D:5)
  26 orcs
  5 endoplasms
  4 giant cockroaches
  4 goblins
  6 hobgoblins
  4 jackals (D:2)
  5 quokkas
  6 ball pythons
  10 bats
  4 frilled lizards
  37 kobolds
  5 rats
  A spectral hobgoblin (D:3)
257 creatures vanquished.

Vanquished Creatures (collateral kills)
  A yak (Lair:1)
  2 orc warriors (D:10)
  5 orcs (D:10)
8 creatures vanquished.

Vanquished Creatures (others)
  A human (D:12)
  2 centaurs (D:12)
  An orc wizard (D:7)
4 creatures vanquished.

Grand Total: 269 creatures vanquished

Notes
Turn   | Place    | Note
-------+----------+-------------------------------------------
     0 | D:1      | ebbelito1337 the Minotaur Berserker began the quest for the
                  | Orb.
     0 | D:1      | Reached XP level 1. HP: 19/19 MP: 0/0
   120 | D:1      | Reached XP level 2. HP: 27/27 MP: 1/1
   190 | D:1      | Found a faded altar of an unknown god.
   574 | D:2      | Reached XP level 3. HP: 33/33 MP: 2/2
   755 | D:2      | Identified the +5 spear of Incongruity {heavy, rF+ Dex+2}
   774 | D:2      | Reached ** piety under Trog
   889 | D:2      | Identified the +1 mace of the Desolation of Salt {flame,
                  | rC+}
  1193 | D:3      | Reached XP level 4. HP: 35/41 MP: 3/3
  1424 | D:3      | Noticed a scorpion
  1431 | D:3      | Killed a scorpion
  1432 | D:3      | Reached skill level 5 in Axes
  1432 | D:3      | Reached skill level 2 in Polearms
  1432 | D:3      | Reached XP level 5. HP: 14/47 MP: 4/4
  1907 | D:3      | Found a hazy altar of Hepliaklqana.
  1911 | D:3      | Reached skill level 1 in Stealth
  3023 | D:4      | Identified a scroll of acquirement
  3023 | D:4      | Acquired 985 gold pieces
  3130 | D:4      | Found a snail-covered altar of Cheibriados.
  3131 | D:4      | Found an ancient bone altar of Kikubaaqudgha.
  3131 | D:4      | Found a glowing silver altar of Zin.
  3295 | D:5      | Entered Level 5 of the Dungeon
  3323 | D:5      | Reached skill level 3 in Polearms
  3390 | D:5      | Reached XP level 6. HP: 53/53 MP: 5/5
  3394 | D:5      | Noticed Blork the orc
  3403 | D:5      | Killed Blork the orc
  3469 | D:5      | Reached skill level 4 in Polearms
  3586 | D:5      | Noticed a water moccasin
  3594 | D:5      | Killed a water moccasin
  3595 | D:5      | Reached skill level 5 in Fighting
  3603 | D:5      | Reached XP level 7. HP: 52/61 MP: 6/6
  3643 | D:5      | Found a staircase to the Ecumenical Temple.
  3735 | D:5      | Reached skill level 5 in Polearms
  3864 | D:6      | Noticed a steam dragon
  3873 | D:6      | Killed a steam dragon
  3881 | D:6      | Reached skill level 6 in Polearms
  3938 | D:6      | Reached XP level 8. HP: 34/69 MP: 7/7
  4014 | D:6      | Reached skill level 7 in Polearms
  4014 | D:6      | Reached skill level 5 in Armour
  4284 | D:6      | Identified the +3 plate armour of the Valley {Harm rElec
                  | Slay+3}
  4381 | D:6      | Found an ornate altar of the Wu Jian Council.
  4538 | D:7      | Reached skill level 5 in Dodging
  4575 | D:7      | Reached skill level 8 in Polearms
  4725 | D:7      | Reached *** piety under Trog
  4966 | D:7      | Found a large runed translucent door.
  4966 | D:7      | Found a large runed translucent door.
  4969 | D:7      | Noticed speedhar's ghost (novice GrFi)
  4977 | D:7      | Killed speedhar's ghost
  4978 | D:7      | Reached skill level 9 in Polearms
  4978 | D:7      | Reached XP level 9. HP: 79/79 MP: 8/8
  5013 | D:7      | Identified the +0 ring mail of Bedo {rElec rC+ MP+9 Dex-4}
  5032 | D:7      | Identified the +1 leather armour of the Squeaky God {rC+}
  5107 | D:8      | Found a shimmering blue altar of Sif Muna.
  5162 | D:8      | Reached skill level 10 in Polearms
  5379 | D:8      | Reached skill level 11 in Polearms
  5414 | D:8      | Found a blossoming altar of Fedhas.
  5414 | D:8      | Found a shimmering altar of Xom.
  5414 | D:8      | Found a glowing golden altar of the Shining One.
  5546 | D:8      | Gained mutation: You sometimes lose your temper in combat.
                  | [potion of mutation]
  5546 | D:8      | Gained mutation: You are dopey. (Int -2) [potion of
                  | mutation]
  5546 | D:8      | Gained mutation: You are agile. (Dex +4, Str/Int -1)
                  | [potion of mutation]
  5546 | D:8      | Gained mutation: You expend magic power (3 MP) to
                  | strengthen your wands. [potion of mutation]
  5913 | D:9      | Reached XP level 10. HP: 49/90 MP: 9/9
  6068 | D:9      | Reached skill level 12 in Polearms
  6148 | D:9      | Acquired the +8 glaive of Oziat {antimagic, rPois}
  6206 | D:9      | Found a staircase to the Lair.
  6217 | Lair:1   | Entered Level 1 of the Lair of Beasts
  6258 | Lair:1   | Noticed a cane toad
  6260 | Lair:1   | Noticed a catoblepas
  6260 | Lair:1   | Noticed a cane toad
  6273 | Lair:1   | Killed a cane toad
  6273 | Lair:1   | Reached **** piety under Trog
  6334 | Lair:1   | Killed a catoblepas
  6335 | Lair:1   | Reached skill level 13 in Polearms
  6343 | Lair:1   | Killed a cane toad
  6498 | D:9      | Noticed a two-headed ogre
  6503 | D:9      | Killed a two-headed ogre
  6504 | D:9      | Reached skill level 10 in Fighting
  6554 | D:10     | Entered Level 10 of the Dungeon
  6591 | D:10     | Found a shadowy altar of Dithmenos.
  6699 | D:10     | Found a stormy altar of Qazlal.
  6725 | D:10     | Noticed a two-headed ogre
  6732 | D:10     | Killed a two-headed ogre
  6733 | D:10     | Reached XP level 11. HP: 100/100 MP: 3/10
  7566 | D:10     | Found a staircase to the Orcish Mines.
  7695 | D:10     | Found a sparkling altar of Nemelex Xobeh.
  8164 | D:11     | Reached skill level 14 in Polearms
  8356 | D:11     | Found an ancient bone altar of Kikubaaqudgha.
  8356 | D:11     | Noticed a two-headed ogre
  8360 | D:11     | Killed a two-headed ogre
  8476 | D:11     | Noticed a green ugly thing
  8481 | D:11     | Killed a green ugly thing
  8482 | D:11     | Reached skill level 10 in Armour
  9080 | D:12     | Noticed Kirke
  9095 | D:12     | Killed Kirke
  9104 | D:12     | Reached skill level 15 in Polearms
  9516 | D:12     | Reached XP level 12. HP: 110/110 MP: 3/11
  9732 | D:12     | Noticed a boulder beetle
  9748 | D:12     | Killed a boulder beetle
  9861 | D:12     | Noticed a two-headed ogre
  9868 | D:12     | Killed a two-headed ogre
  9997 | D:13     | Mangled by a skeletal warrior

Illustrated notes

Levels and vault maps discovered:
D:1:      amcnicky_arrival_flooded_fountain, layout_rooms,
          shapermc_ecumenical_altar_totnotflames, hangedman_feature_mirror
D:2:      layout_loops_ring, minmay_crystal_water, serial_bayou_crossing
D:3:      layout_loops_ring, nicolae_hepliaklqana_monster_ancestors
D:4:      layout_basic, chequers_temple_overflow_statue_of_worship
D:5:      layout_cave_pods, temple_green, uniq_blork_the_orc
D:6:      minmay_diamond_boxcup, layout_rooms, nicolae_wu_jian_wuxing_cycle
D:7:      layout_loops_ring, ebering_ghost_disaster_area, fountainhead,
          minmay_misc_feat_nine_boxes
D:8:      layout_rooms, amcnicky_altar_gilded, gammafunk_temple_overflow_claw,
          serial_corexii_hall, corexii_hall_statues_l, chequers_hall_statues_y,
          kennysheep_generic_room_2
D:9:      layout_rooms, lair_entry_dummy
D:10:     layout_basic, nicolae_dithmenos_through_a_glass_darkly,
          nemelex_xobeh_ov_fountains_minmay, nicolae_qazlal_general_emergency,
          david_orc_4
D:11:     layout_long_grid, minivault_4, kiku_gazebo_pond_becter
D:12:     layout_basic, uniq_kirke
D:13:     layout_loops_corners, serial_ice, serial_ice_l, serial_ice_c,
          serial_ice_o, serial_ice_f, uniq_erolcha
Lair:1:   layout_small_grid, ebering_ghost_reflecting_pool, lemuel_fruit_tree

Skill      XL: |  1  2  3  4  5  6  7  8  9 10 11 12 |
---------------+-------------------------------------+-----
Fighting       | 4 5 7 8 10 11 | 11.9
Axes           | 4 5 |  5.1
Dodging        | 3 4 5 6 |  6.0
Polearms       | 2 3 4 6 9 11 13 15 | 15.9
Stealth        | 1 2 3 |  3.5
Armour         | 3 4 5 6 8 11 | 11.7

Action                     |  1- 3 |  4- 6 |  7- 9 | 10-12 || total
---------------------------+-------+-------+-------+-------++-------
  Melee: Hand axe          |    60 |       |       |       ||    60
         Headbutt          |    10 |     7 |    16 |    33 ||    66
         Spear             |    19 |     7 |       |       ||    26
         Halberd           |       |    58 |   142 |    17 ||   217
         Glaive            |       |       |       |   161 ||   161
 Invoke: Berserk           |     3 |     3 |     9 |    13 ||    28
         Trog's Hand       |       |     1 |     2 |     3 ||     6
         Brothers in Arms  |       |       |       |     2 ||     2
    Use: Scroll            |     4 |     7 |     7 |     4 ||    22
         Potion            |     3 |       |     6 |     4 ||    13
   Stab: Sleeping          |       |     1 |       |       ||     1
         Distracted        |       |       |     1 |       ||     1
         Petrifying        |       |       |       |     1 ||     1
         Petrified         |       |       |       |     1 ||     1
 Armour: Animal skin       |    29 |     5 |       |       ||    34
         Ring mail         |       |    18 |    13 |       ||    31
         Steam dragon scal |       |       |    13 |       ||    13
         Plate armour      |       |       |    98 |   304 ||   402
  Dodge: Dodged            |    78 |    59 |   109 |   180 ||   426
